 Dungeon Crawl Stone Soup version 0.22-a0-447-gee5f723 (webtiles) character file.

64 ArgaWasAlreadyTaken the Chopper (level 3, 0/46 HPs)
             Began as a Minotaur Fighter on June 3, 2018.
             Succumbed to a kobold's poison
             ... on level 3 of the Dungeon.
             The game lasted 00:00:23 (382 turns).

ArgaWasAlreadyTaken the Chopper (Minotaur Fighter)   Turns: 382, Time: 00:00:24

Health: 0/46       AC: 21    Str: 21    XL:     3   Next: 91%
Magic:  2/2        EV:  2    Int:  5    God:
Gold:   28         SH:  9    Dex:  9    Spells: 2/2 levels left

rFire    . . .     SeeInvis .   a - +0 war axe
rCold    . . .     Gourm    .   c - +0 shield
rNeg     + + +     Faith    .   (armour currently unavailable)
rPois    +         Spirit   .   (helmet currently unavailable)
rElec    .         Reflect  .   (cloak currently unavailable)
rCorr    .         Harm     .   (gloves currently unavailable)
MR       .....     NoTele   +   (boots currently unavailable)
Stlth    +.........             (no amulet)
HPRegen  0.15/turn              (no ring)
MPRegen  0.08/turn              (no ring)

@: lethally poisoned (0 -> -12), tree-form
A: (retaliatory headbutt)
a: no special abilities


You were on level 3 of the Dungeon.
You were not hungry.
You were a tree.
You visited 1 branch of the dungeon, and saw 3 of its levels.

You collected 28 gold pieces.

Inventory:

Hand Weapons
 a - a +0 war axe (weapon)
Armour
 b - a +0 scale mail (melded)
 c - a +0 shield (worn)
Scrolls
 i - 2 scrolls of enchant weapon {unknown}
Potions
 d - a potion of might
Comestibles
 f - 3 rations
 g - 3 chunks of flesh


   Skills:
 - Level 3.6 Fighting
 + Level 5.2 Axes
 - Level 3.6 Armour
 - Level 3.6 Shields


You had 2 spell levels left.
You didn't know any spells.
Your spell library was empty.

Dungeon Overview and Level Annotations

Branches:
Dungeon (3/15)

Altars:


Innate Abilities, Weirdness & Mutations

((You reflexively headbutt those who attack you in melee.))
((You have a pair of horns on your head.))


Message History

You butt sick!
You block the hobgoblin's attack!
The goblin hits you but butts no damage!
The goblin hits butt but does no damage!
The kobold hits you but does no damage! You block the hobgoblin's attack!
It was a potion of lignification!
You turn into a tree!
Your +0 scale mail butts into butt's body!
Your roots penetrate the ground! * * * don't die
* * * You feel sick!
You block the goblin's attack! The goblin hits you but does no damage!
You block the kobold's attack! You block the hobgoblin's attack!
You are too injured to fight recklessly!!!
Unknown command!
You are too injured to fight recklessly!!!
Unknown command!
You barely miss the goblin!
You butt-ly miss the hobgoblin!
You open the goblin like a pillowcase!
You annihilate the goblin!!!
You closely miss the kobold! rip

. #.# . #.# .###
#.# ..# #.#
########.# #.#
#......#.## #.#
#.#.......# #.#
.##.##g#(#####.#
#.# ....ggg♣)#
#.###.#####
##..##K#.#
#..........
#.#.#
#..#.#####.
#...# #..#.#
#.#.. ...##.#
........####.#
#.####.. #.# ..
#. #.. # #.#


You could see 2 hobgoblins, 2 goblins and a kobold.

Vanquished Creatures
  Robin (D:3)
  3 adders
  A leopard gecko (D:1)
  9 goblins
  2 hobgoblins
  5 bats (D:1)
  3 frilled lizards
  2 kobolds (D:2)
  A rat (D:1)
27 creatures vanquished.

Notes
Turn   | Place    | Note
-------+----------+-------------------------------------------
     0 | D:1      | ArgaWasAlreadyTaken the Minotaur Fighter began the quest for the Orb.
     0 | D:1      | Reached XP level 1. HP: 19/19 MP: 0/0
    83 | D:1      | Reached skill level 3 in Axes
   148 | D:1      | Reached XP level 2. HP: 26/26 MP: 1/1
   272 | D:2      | Reached skill level 4 in Axes
   273 | D:2      | Reached XP level 3. HP: 31/31 MP: 2/2
   358 | D:3      | Noticed Robin
   365 | D:3      | Killed Robin
   372 | D:3      | Reached skill level 5 in Axes
   381 | D:3      | HP: 1/46 [poisoned by a kobold]
   382 | D:3      | Succumbed to a kobold's poison

Vault maps used:
D:1:      dpeg_arrival_houses_and_road, xom_teletrap_fun
D:2:      skrybe_limestone_x, nicolae_dithmenos_through_a_glass_darkly
D:3:      marbit_many_paths, old_standard_altar, old_standard_altar,
          uniq_natasha, uniq_robin

Skill      XL: |  1  2  3 |
---------------+----------+-----
Axes           | 3 4 5 |  5.2
Fighting       | |  3.6
Armour         | |  3.6
Shields        | |  3.6

Action                   || total
-------------------------++-------
Melee: War axe           ||    54
       Headbutt          ||     7
  Use: Potion            ||     1
Armor: Scale mail        ||    26
       Skin              ||     1
Dodge: Dodged            ||    32
Block: Shield            ||    45

Table legend:
 A = Spawn XP
 B = Non-spawn XP
 C = Spawn XP percentage of total XP
 D = Spawn monster count
 E = Non-spawn monster count
 F = Spawn count percentage of total count
 G = Total turns spent on level
                    A         B        C        D         E        F      G
               +---------+---------+-------+---------+---------+-------+---------
         Total |       0 |      92 |   0.0 |       0 |      27 |   0.0 |   382
               +---------+---------+-------+---------+---------+-------+---------
           D:1 |       0 |      16 |   0.0 |       0 |      10 |   0.0 |   268
           D:2 |       0 |      34 |   0.0 |       0 |       7 |   0.0 |    50
           D:3 |       0 |      42 |   0.0 |       0 |      10 |   0.0 |    64
               +---------+---------+-------+---------+---------+-------+---------
